 Dungeon Crawl Stone Soup version 0.21.1-1-g345015f (webtiles) character file.

86 Fortress the Insei (level 4, -4/28 HPs)
             Began as an Octopode Transmuter on June 17, 2018.
             Was an Initiate of Makhleb.
             Slain by Synox's ghost (12 damage)
             ... on level 4 of the Dungeon.
             The game lasted 00:17:14 (2985 turns).

Fortress the Insei (Octopode Transmuter)            Turns: 2985, Time: 00:17:17

Health: -4/28      AC:  1    Str: 10    XL:     4   Next: 50%
Magic:  0/7        EV: 13    Int: 15    God:    Makhleb [......]
Gold:   235        SH:  0    Dex: 12    Spells: 4/7 levels left

rFire    . . .     SeeInvis .   m - +1 dagger (holy)
rCold    . . .     Gourm    .   (no shield)
rNeg     . . .     Faith    .   (helmet restricted)
rPois    .         Spirit   .   (no amulet)
rElec    .         Reflect  .   (no ring)
rCorr    .         Harm     .   (no ring)
MR       .....                  (no ring)
Stlth    +++.......             (no ring)
HPRegen  0.09/turn              (no ring)
MPRegen  0.10/turn              (no ring)
                                (no ring)
                                (no ring)

@: no status effects
A: almost no armour, stealthy swim, amphibious, 8 rings, constrict 8, camouflage
1, gelatinous body 1
a: Renounce Religion


You were on level 4 of the Dungeon.
You worshipped Makhleb.
Makhleb was noncommittal.
You were hungry.

You visited 1 branch of the dungeon, and saw 4 of its levels.

You collected 235 gold pieces.

Inventory:

Hand Weapons
 m - a +1 dagger of holy wrath (weapon)
Missiles
 a - 47 arrows
 g - 32 poisoned needles
 k - 28 bolts
 l - 100 stones (quivered)
Scrolls
 h - 3 scrolls of identify
 j - a scroll of remove curse {unknown}
 p - a scroll of noise {unknown}
 q - a scroll of blinking {unknown}
 u - a scroll of teleportation {unknown}
Potions
 d - a potion of berserk rage
 i - a potion of lignification
 n - 2 potions of heal wounds
 o - 2 potions of agility
 r - 2 potions of invisibility
 s - a potion of mutation {unknown}
 t - a potion of degeneration {unknown}
Books
 b - a book of Changes

   Spells                             Type                      Level
   a - Beastly Appendage              Transmutation                1
   b - Sticks to Snakes               Transmutation                2
   c - Spider Form                    Transmutation/Poison         3
   d - Ice Form                       Ice/Transmutation            4
   e - Blade Hands                    Transmutation                5
Comestibles
 c - 4 rations


   Skills:
 - Level 1.0 Fighting
 + Level 0.1 Short Blades
 + Level 2.5 Dodging
 + Level 1.5 Stealth
 + Level 4.2 Unarmed Combat
 - Level 2.0 Spellcasting
 * Level 2.7 Transmutations


You had 4 spell levels left.
You knew the following spells:

 Your Spells              Type           Power        Failure   Level  Hunger
a - Beastly Appendage     Tmut           #.....       8%          1    #......
b - Sticks to Snakes      Tmut           #.......     11%         2    ###....


Dungeon Overview and Level Annotations

Branches:
Dungeon (4/15)             Temple (0/1) D:4

Altars:
Makhleb

Annotations:
D:4 Synox's ghost, novice FoMo


Innate Abilities, Weirdness & Mutations

You cannot wear most types of armour.
You are very stealthy in the water. (Stealth+)
You are amphibious.
You can wear up to eight rings at the same time.
You can use your tentacles to constrict eight enemies at once.
Your skin changes colour to match your surroundings (Stealth+).
Your rubbery body absorbs attacks. (AC +1, EV +1)


Message History

Your ball python bites Synox's ghost but does no damage.
Synox's ghost keens inconsolably.
Your ball python closely misses Synox's ghost.
Your ball python bites Synox's ghost but does no damage.
You see here a whip.
Your ball python completely misses Synox's ghost.
Synox's ghost hits you!!
Ouch! That really hurt!
* * * LOW HITPOINT WARNING * * *
Your ball python barely misses Synox's ghost.
Your ball python closely misses Synox's ghost.
Your ball python bites Synox's ghost but does no damage.
Your ball python closely misses Synox's ghost.
Casting: Sticks to Snakes
Confirm with . or Enter, or press ? or * to list all spells.
You create a snake!
You now have 47 arrows.
Your ball python closely misses the iguana.
Your ball python barely misses the iguana.
Synox's ghost hits you!
You die...

*,*** *,,,,,,,*,,,,,,*
*,,,##***,,,,,,,,,******
***,*,,..,*,,,,,,,,**
,,,,****#.,,,,,,,,,****
,*,,***,,..,######,,,,* ##
,*,,,,*,**#.#....#**#,* ####.
,,*,*,,,* #..>S.S## #.#### ##....
,,,,,,,** ###.Sl..###....# #..###
,**,,*,,*** #..W@..#***#.###.##
,**,,,,,,,*#######.#####.....####
***,**,,,,,......................
* *,****,**#######..##.####......
* *,** *,,** ##.##.# ##..... *
*,,* **,,***** #.##.# #..... *
**,* **,,,,,** #..<.# #..... *
*,** *****,,**##...#***#.....
****,,* **,,,,,$#..,,*#.....


You could see an iguana, Synox's ghost and 3 friendly ball pythons.

Vanquished Creatures
  An adder (D:2)
  2 dart slugs
  A leopard gecko (D:3)
  4 orcs (D:3)
  8 bats
  2 giant cockroaches
  10 goblins
  5 hobgoblins
  11 jackals (D:1)
  9 kobolds
  10 rats
63 creatures vanquished.

Notes
Turn   | Place    | Note
-------+----------+-------------------------------------------
     0 | D:1      | Fortress the Octopode Transmuter began the quest for the Orb.
     0 | D:1      | Reached XP level 1. HP: 13/13 MP: 3/3
   166 | D:1      | Reached XP level 2. HP: 14/18 MP: 5/5
   795 | D:1      | Reached XP level 3. HP: 23/23 MP: 4/6
  1106 | D:1      | Reached skill level 4 in Unarmed Combat
  1559 | D:3      | Reached skill level 1 in Stealth
  1573 | D:2      | Reached XP level 4. HP: 28/28 MP: 7/7
  2069 | D:3      | Learned a level 2 spell: Sticks to Snakes
  2280 | D:3      | Found a burning altar of Makhleb.
  2282 | D:3      | Noticed a balrug
  2286 | D:3      | Noticed a hellwing
  2286 | D:3      | Noticed a hellwing
  2288 | D:3      | Became a worshipper of Makhleb the Destroyer
  2967 | D:4      | Noticed Synox's ghost (novice FoMo)
  2985 | D:4      | Slain by Synox's ghost

Skill      XL: |  1  2  3 |
---------------+----------+-----
Unarmed Combat | 4 |  4.2
Stealth        | 1 |  1.5
Fighting       | |  1.0
Short Blades   | |  0.1
Dodging        | |  2.5
Spellcasting   | |  2.0
Transmutations | |  2.7

Action                   |  1- 3 |  4- 6 || total
-------------------------+-------+-------++-------
Melee: Unarmed           |    78 |       ||    78
       Constrict         |    30 |    16 ||    46
       Tentacles         |    17 |     9 ||    26
       Kick              |     3 |       ||     3
       Punch             |     2 |     1 ||     3
       Dagger            |    15 |    40 ||    55
 Cast: Beastly Appendage |     2 |       ||     2
       Sticks to Snakes  |       |     4 ||     4
  Use: Scroll            |       |     6 ||     6
 Stab: Sleeping          |     4 |     5 ||     9
  Eat: Chunk             |     2 |     4 ||     6
Armor: Skin              |    11 |       ||    11
Dodge: Dodged            |    66 |    19 ||    85
